 Dungeon Crawl Stone Soup version 0.28-a0-938-gbc3f381ebc (webtiles) character file.

Game seed: 14841056060025640104

1197 ragingrage the Spear-Bearer (level 8, -1/56 HPs)
             Began as a Merfolk Gladiator on Nov 30, 2021.
             Killed from afar by a steam dragon (19 damage)
             ... with a ball of steam
             ... on level 6 of the Dungeon.
             The game lasted 00:05:57 (6587 turns).

ragingrage the Spear-Bearer (Merfolk Gladiator)     Turns: 6587, Time: 00:05:58

Health: -1/56      AC: 11    Str: 16    XL:     8   Next: 44%
Magic:  8/8        EV: 13    Int:  8    God:
Gold:   160        SH:  0    Dex: 15    Spells: 7/7 levels left

rFire   . . .      SeeInvis .   x - +4 halberd
rCold   + . .      Faith    .   (shield currently unavailable)
rNeg    . . .      Spirit   .   b - +0 leather armour
rPois   .          Reflect  .   c - +0 helmet
rElec   .          Harm     .   (no cloak)
rCorr   .          Rampage  .   f - +2 pair of gloves
Will    .....                   (no boots)
Stlth   +.........              o - amulet of the acrobat
HPRegen 0.18/turn               m - +4 ring of protection
MPRegen 0.11/turn               l - ring of protection from cold

@: no status effects
A: (nimble swimmer 2), mertail
a: no special abilities


You were on level 6 of the Dungeon.
You visited 2 branches of the dungeon, and saw 7 of its levels.

You collected 226 gold pieces.
You spent 66 gold pieces at shops.

Inventory:

Hand Weapons
 x - a +4 halberd (weapon)
Missiles
 a - 6 boomerangs (quivered)
 d - 2 throwing nets
 s - 32 poisoned darts
Armour
 b - a +0 leather armour (worn)
 c - a +0 helmet (worn)
 f - a +2 pair of gloves (worn)
Jewellery
 l - a ring of protection from cold (right hand)
 m - a +4 ring of protection (left hand)
 o - an amulet of the acrobat (around neck)
Wands
 w - a wand of iceblast (13)
Scrolls
 e - 2 scrolls of teleportation {unknown}
 g - a scroll of amnesia {unknown}
 i - 3 scrolls of fog {unknown}
 r - 6 scrolls of identify
 u - a scroll of acquirement {unknown}
Potions
 h - a potion of attraction
 j - a potion of berserk rage {unknown}
 k - 5 potions of brilliance
 n - a potion of mutation {unknown}
 p - a potion of flight {unknown}
 q - 2 potions of curing {unknown}
 t - a potion of ambrosia {unknown}
 v - a potion of cancellation {unknown}


   Skills:
 - Level 2.1 Fighting
 * Level 14.3 Polearms
 - Level 2.0 Throwing
 - Level 4.0 Dodging


You had 7 spell levels left.
You didn't know any spells.
Your spell library contained the following spells:

 Spells                   Type           Power      Damage    Failure   Level
 Conjure Flame            Conj/Fire      0%         6-21      85%         3
 Ignite Poison            Fire/Tmut/Pois 0%         N/A       85%         3
 Ozocubu's Armour         Ice            0%         N/A       85%         3
 Passage of Golubria      Tloc           0%         N/A       99%         4
 Sticky Flame             Conj/Fire      0%         2d3       99%         4
 Silence                  Hex/Air        0%         N/A       100%        5
 Malign Gateway           Summ/Tloc      0%         N/A       100%        7
 Ozocubu's Refrigeration  Ice            0%         4d5       100%        7
 Lehudib's Crystal Spear  Conj/Erth      0%         10d2      100%        8
 Summon Horrible Things   Summ           0%         N/A       100%        8


Dungeon Overview and Level Annotations

Branches:
Dungeon (6/15)             Temple (1/1) D:5

Altars:
Ashenzari
Cheibriados
Gozag
Hepliaklqana
Kikubaaqudgha
Makhleb
Xom
Yredelemnul
Zin
The Shining One
Lugonu

Shops:
D:4 *

Annotations:
D:2 1 runed translucent door, Crazy Yiuf
D:4 Pikel


Innate Abilities, Weirdness & Mutations

((You are quick and stealthy near water. (Stealth+, EV+, Speed+++)))
Your lower body shifts to a powerful aquatic tail in water.


Message History

You barely miss the bullfrog zombie.
The bullfrog zombie is severely damaged.
The bullfrog zombie hits you but does no damage.
You slash the bullfrog zombie!
The bullfrog zombie is almost destroyed.
The bullfrog zombie hits you.
You puncture the bullfrog zombie!
You destroy the bullfrog zombie!
You closely miss the steam dragon. The steam dragon breathes steam at you.
The ball of steam hits you!!
You are too injured to fight recklessly!
You completely miss the steam dragon. You hit the steam dragon.
The steam dragon is lightly wounded.
You are engulfed in a cloud of scalding steam.
The steam dragon bites you but does no damage.
The steam dragon claws you but does no damage.
The black bear is engulfed in a cloud of scalding steam.
The steam dragon breathes steam at you. The ball of steam misses you.
The black bear is engulfed in a cloud of scalding steam.
The steam dragon breathes steam at you. The ball of steam hits you.
Found a scroll labelled WOLUW YXAO.
That's the wrong kind of item! (Use * to select it.) Evoke which item? (* to show all) (? for menu, Esc to quit)
You don't have any such object.
Evoke which item? (* to show all) (? for menu, Esc to quit)
Okay, then.
Unknown command.
Aiming: Iceblast
Press: ? - help, Shift-Dir - straight line, f - steam dragon
Aim: a steam dragon (lightly wounded)
The mass of ice explodes!
The iceblast engulfs the steam dragon.
The steam dragon is moderately wounded.
You hear a shout!
The steam dragon breathes steam at you. The ball of steam hits you!!
You die...

..............# #.....##.#
###.........(.# #..)..##.#
#...........### #......#.#
. #...........# #....#.#.#
..
#...........#####....#...#
...
##########...........##..#
....
#...........##..###.....
#..........####>........
#......@§§D####h§##.##..
#...........§....# .#
.......########..# #
....... #..# ....... #..#
....... #..# ....... ##.#
.?..... #.# .#


There were no monsters in sight!

Vanquished Creatures
  A hornet zombie (D:5)
  2 ogres
  3 lemures (D:4)
  A scorpion (D:4)
  A water moccasin skeleton (D:4)
  4 wights (D:6)
  A howler monkey (D:3)
  A crimson imp (D:3)
  A bullfrog zombie (D:6)
  4 hounds
  2 orc priests (D:5)
  2 centaur skeletons
  Natasha (D:2)
  2 iguanas
  2 orc wizards (D:5)
  4 gnolls (D:3)
  5 adders
  An ufetubus (D:5)
  2 worms (D:4)
  2 dart slugs
  13 orcs
  7 ball pythons
  8 endoplasms
  4 giant cockroaches
  8 goblins
  9 hobgoblins
  6 jackals
  3 quokkas
  6 bats
  3 frilled lizards
  A goblin zombie (D:3)
  3 hobgoblin zombies (D:3)
  9 kobolds
  A kobold zombie (D:3)
  An orc skeleton (D:3)
  An orc zombie (D:3)
  4 rats
129 creatures vanquished.

Vanquished Creatures (others)
  A black bear (D:6)
  A water moccasin zombie (D:5)
  A jelly (D:5)
3 creatures vanquished.

Grand Total: 132 creatures vanquished

Notes
Turn   | Place    | Note
-------+----------+-------------------------------------------
     0 | D:1      | ragingrage the Merfolk Gladiator began the quest for the
                  | Orb.
     0 | D:1      | Reached XP level 1. HP: 16/16 MP: 1/1
   288 | D:1      | Reached skill level 5 in Polearms
   371 | D:1      | Reached XP level 2. HP: 22/22 MP: 2/2
   597 | D:1      | Found a faded altar of an unknown god.
   841 | D:1      | Reached skill level 6 in Polearms
   841 | D:1      | Reached XP level 3. HP: 27/27 MP: 3/3
  1629 | D:2      | Reached XP level 4. HP: 26/33 MP: 4/4
  1744 | D:2      | Reached skill level 7 in Polearms
  1840 | D:2      | Noticed Natasha
  1863 | D:2      | Killed Natasha
  2246 | D:2      | Found a runed translucent door.
  2247 | D:2      | Noticed Crazy Yiuf
  2877 | D:3      | Found an opulent altar of Gozag.
  2938 | D:3      | Found a glowing golden altar of the Shining One.
  2948 | D:3      | Reached skill level 8 in Polearms
  2948 | D:3      | Reached XP level 5. HP: 35/38 MP: 5/5
  3396 | D:3      | Reached skill level 9 in Polearms
  3540 | D:3      | Reached XP level 6. HP: 36/44 MP: 6/6
  4086 | D:4      | Reached skill level 10 in Polearms
  4224 | D:4      | Found Mimocvu's Assorted Antiques.
  4227 | D:4      | Bought a scroll labelled QIENESKIAJU for 22 gold pieces
  4227 | D:4      | Bought a scroll labelled CAELUWK HAMYNT for 22 gold pieces
  4227 | D:4      | Bought a scroll labelled PIEPNUATSUMMA for 22 gold pieces
  4274 | D:4      | Found a burning altar of Makhleb.
  4430 | D:4      | Noticed Pikel
  4649 | D:4      | Reached skill level 11 in Polearms
  4649 | D:4      | Reached XP level 7. HP: 45/50 MP: 7/7
  4924 | D:5      | Entered Level 5 of the Dungeon
  4985 | D:5      | Reached skill level 12 in Polearms
  5412 | D:5      | HP: 2/50 [hornet zombie (8)]
  5415 | D:5      | Reached skill level 13 in Polearms
  5415 | D:5      | Reached XP level 8. HP: 3/56 MP: 8/8
  5957 | D:5      | Found a staircase to the Ecumenical Temple.
  6156 | Temple   | Entered the Ecumenical Temple
  6468 | D:6      | Reached skill level 14 in Polearms
  6587 | D:6      | Killed from afar by a steam dragon

Illustrated notes

Levels and vault maps discovered:
D:1:      dpeg_arrival_long_road, layout_basic,
          hellmonk_ecumenical_altar_slurped_away, minmay_crystal_room,
          chequers_serial_rivers_large_b
D:2:      layout_basic, kennysheep_generic_room_7, uniq_crazy_yiuf_cottage,
          uniq_natasha
D:3:      layout_basic, nicolae_gozag_seed_capital, nicolae_tso_besieged_by_evil
D:4:      layout_basic, general_overflow_altar, serial_shops,
          nicolae_shop_behind_doors, uniq_pikel
D:5:      layout_rooms, lemuel_temple_firewalk_b, lemuel_flame_loot_1
D:6:      layout_basic, okawaru_trees_2, vehumet_statue
Temple:   corrupted_temple

Skill      XL: |  1  2  3  4  5  6  7  8 |
---------------+-------------------------+-----
Polearms       | 5 6 8 9 11 13 14 | 14.3
Fighting       | |  2.1
Throwing       | |  2.0
Dodging        | |  4.0

Action                   |  1- 3 |  4- 6 |  7- 9 || total
-------------------------+-------+-------+-------++-------
Melee: Trident           |   123 |   114 |       ||   237
       Halberd           |       |   134 |   137 ||   271
Throw: Boomerang         |       |       |     3 ||     3
       Throwing net      |       |       |     2 ||     2
Evoke: Wand              |       |       |     1 ||     1
  Use: Scroll            |       |     5 |       ||     5
 Stab: Sleeping          |     3 |     4 |     1 ||     8
       Held in net/web   |       |       |     1 ||     1
Armor: Leather armour    |    29 |    53 |    34 ||   116
Dodge: Dodged            |    62 |   111 |    67 ||   240

Table legend: (Time is in decaauts)
 A = Elapsed time spent in this place.
 B = Non-inter-level travel time spent in this place.
 C = Inter-level travel time spent in this place.
 D = Time resting spent in this place.
 E = Time spent auto-exploring this place.
 F = Levels seen in this place.
 G = Mean time per level.
                   A        B        C        D        E       F      G
               +--------+--------+--------+--------+--------+-----+--------+
         Total |   6536 |   6347 |    189 |   1162 |   4157 |   7 |  933.7 |
       Dungeon |   6497 |   6319 |    178 |   1162 |   4136 |   6 | 1082.8 |
        Temple |     38 |     27 |     11 |      0 |     21 |   1 |   38.0 |
               +--------+--------+--------+--------+--------+-----+--------+

Top non-repeatable levels by time:
     D:2: 1797 daAuts
     D:5: 1244 daAuts
     D:1: 1095 daAuts
     D:3: 1039 daAuts
     D:4: 958 daAuts
     D:6: 361 daAuts
  Temple: 38 daAuts
